 Dungeon Crawl Stone Soup version 0.29.1-1-gd02db6906a (webtiles) character file.

Game seed: 10418867116409698604

21 GigaChad the Covered (level 2, -1/27 HPs)
             Began as a Minotaur Fighter on Sept 19, 2022.
             Succumbed to a kobold's poison
             ... on level 1 of the Dungeon.
             The game lasted 00:01:05 (641 turns).

GigaChad the Covered (Minotaur Fighter)              Turns: 641, Time: 00:01:05

Health: -1/27      AC:  7    Str: 20    XL:     2   Next: 62%
Magic:  1/1        EV:  9    Int:  5    God:
Gold:   23         SH:  4    Dex:  9    Spells: 1/1 levels left

rFire   . . .      SeeInvis .   a - +0 long sword
rCold   . . .      Faith    .   c - +0 buckler
rNeg    . . .      Spirit   .   b - +0 scale mail
rPois   .          Reflect  .   (helmet restricted)
rElec   .          Harm     .   (no cloak)
rCorr   .          Rampage  .   (no gloves)
Will    .....                   (no boots)
Stlth   ..........              (no amulet)
HPRegen 0.09/turn               (no ring)
MPRegen 0.07/turn               (no ring)

@: lethally poisoned (-1 -> -10)
A: horns 2, retaliatory headbutt
a: no special abilities


You were on level 1 of the Dungeon.
You visited 1 branch of the dungeon, and saw 1 of its levels.

You collected 23 gold pieces.

Inventory:

Hand Weapons
 a - a +0 long sword (weapon)
Armour
 b - a +0 scale mail (worn)
 c - a +0 buckler (worn)
Scrolls
 e - 2 scrolls of teleportation {unknown}
Potions
 d - a potion of might


   Skills:
 + Level 3.9 Fighting
 + Level 3.1 Long Blades
 + Level 4.0 Armour
 + Level 3.7 Shields


You had one spell level left.
You didn't know any spells.
Your spell library was empty.

Dungeon Overview and Level Annotations

Branches:
Dungeon (1/15)

Altars:


Innate Abilities, Weirdness & Mutations

You have a pair of horns on your head.
You reflexively headbutt those who attack you in melee.


Message History

You closely miss the bat. The bat closely misses you. You furiously retaliate!
You headbutt the bat!
You kill the bat!
You see here a bat corpse.
A rat comes into view.
Found 5 stones.
You barely miss the rat. The rat bites you but does no damage.
You slash the rat!
You kill the rat!
Your Armour skill increases to level 4!
You see here a rat corpse.
You see here a rat corpse.
A ball python comes into view.
A kobold comes into view. It is wielding a +0 whip of venom.
The kobold shouts!
The kobold hits you with a +0 whip of venom.
You are poisoned.
You closely miss the ball python. Your headbutt misses the ball python.
You feel very sick.
The kobold hits you with a +0 whip of venom.
You are lethally poisoned!
The ball python completely misses you. You block the ball python's attack.
You block the kobold's attack.
You hit the ball python.
You kill the ball python!
You feel very sick.
The kobold hits you with a +0 whip of venom.
You are more poisoned.
The kobold attacks as you move away! The kobold barely misses you.
A rat comes into view.
* * * LOW HITPOINT WARNING * * *
You feel very sick.
You see here a ball python corpse.
The kobold attacks as you move away! The kobold closely misses you.
* * * LOW HITPOINT WARNING * * *
You feel very sick.
You see here 5 stones.
* * * LOW HITPOINT WARNING * * *
You feel very sick.
You die...

#.# ####...##.
#.### ##.......
#.#.## ##.......#
#....####........#
#.......+........#
#†...####........#
#K#.## ##.......#
#.### ##....)..
#@# ##......
#...r....# ##'####
#.##.###.# #.# #
#.# #.# ... #.#
#.# ... ... ...
#.# ...


You could see a kobold and a rat.

Vanquished Creatures
  2 ball pythons (D:1)
  A giant cockroach (D:1)
  3 hobgoblins (D:1)
  4 jackals (D:1)
  2 bats (D:1)
  A frilled lizard (D:1)
  3 kobolds (D:1)
  4 rats (D:1)
20 creatures vanquished.

Notes
Turn   | Place    | Note
-------+----------+-------------------------------------------
     0 | D:1      | GigaChad the Minotaur Fighter began the quest for the Orb.
     0 | D:1      | Reached XP level 1. HP: 19/19 MP: 0/0
     9 | D:1      | Noticed an electric eel
   427 | D:1      | Reached XP level 2. HP: 19/27 MP: 1/1
   625 | D:1      | Reached skill level 4 in Armour
   640 | D:1      | HP: 1/27 [poisoned by a kobold]
   641 | D:1      | Succumbed to a kobold's poison

Illustrated notes

Levels and vault maps discovered:
D:1:      arrival_aquarium_a, layout_loops_corners, minmay_misc_feat_rows

Skill      XL: |  1  2 |
---------------+-------+-----
Long Blades    | 3 |  3.1
Armour         | 4 |  4.0
Fighting       | |  3.9
Shields        | |  3.7

Action                   || total
-------------------------++-------
Melee: Long sword        ||    69
       Headbutt          ||     2
  Use: Scroll            ||     1
Armor: Scale mail        ||    45
Dodge: Dodged            ||    52
Block: Buckler           ||    23
